 Dungeon Crawl Stone Soup version 0.18-a0-1730-g73f0523 (webtiles) character file.

5343 vev the Basher (level 10, 0/107 HPs)
             Began as an Ogre Arcane Marksman on Apr 10, 2016.
             Was a Priest of Elyvilon.
             Slain by a spiny frog (19 damage)
             ... on level 1 of the Lair of Beasts.
             The game lasted 00:57:08 (11411 turns).

vev the Basher (Ogre Arcane Marksman)              Turns: 11411, Time: 00:57:09

Health: 0/107      AC:  4    Str: 23    XL:     10   Next: 65%
Magic:  11/14      EV: 12    Int: 12    God:    Elyvilon [***...]
Gold:   547        SH:  0    Dex: 14    Spells: 2 memorised, 8 levels left

rFire  . . .     SeeInvis .     b - +1 mace (venom)
rCold  . . .     Gourm    .     q - +0 robe
rNeg   . . .     Faith    .     (no shield)
rPois  .         Spirit   .     (helmet restricted)
rElec  .         Dismiss  .     u - +0 cloak
rCorr  .         Reflect  .     (gloves unavailable)
SustAt .         Harm     .     (boots unavailable)
MR     +....                    (no amulet)
Stlth  +++.......               i - +5 ring of strength
                                L - ring of stealth

@: somewhat resistant to hostile enchantments, fairly stealthy
A: unfitting armour, fangs 1, horns 1, agile 1, tough skin 1
a: Lesser Healing, Heal Other, Purification, Divine Protection, Renounce
Religion


You were on level 1 of the Lair of Beasts.
You worshipped Elyvilon.
Elyvilon was most pleased with you.
You were very hungry.

You visited 2 branches of the dungeon, and saw 10 of its levels.
You also visited: Sewer.

You collected 547 gold pieces.

Inventory:

Hand Weapons
 a - a +4 giant spiked club
 b - a +1 mace of venom (weapon)
 y - a +2 mace of freezing
 E - a +0 greatsling
Missiles
 d - a throwing net (quivered)
 n - 50 poisoned needles
 x - 6 curare-tipped needles
Armour
 q - a +0 robe (worn)
 r - a troll hide {Purgy}
 u - a +0 cloak (worn)
 z - the -2 hat of Autotheism {rC+ Dex+3}
   (You acquired it on level 8 of the Dungeon)

   It affects your dexterity (+3).
   It protects you from cold.
Jewellery
 i - a +5 ring of strength (right hand)
 j - a +3 ring of strength
 D - an uncursed amulet of magic regeneration
 L - a ring of stealth (left hand)
Wands
 H - a wand of acid (3/15)
 N - a wand of acid (7/15)
Scrolls
 k - 13 scrolls of remove curse
 l - 2 scrolls of magic mapping
 B - a scroll of blinking
 C - 3 scrolls of teleportation
 I - a scroll of recharging
 O - a scroll of fear
Potions
 e - a potion of might
 g - a potion of brilliance
 h - 3 potions of resistance
 o - 11 potions of flight
 p - 6 potions of haste
 s - a potion of cure mutation
 v - a potion of agility
 w - a potion of berserk rage
 A - 2 potions of heal wounds
 F - 5 potions of curing
Books
 G - a book of Debilitation

   Spells                             Type                      Level
   a - Corona                         Hexes                        1
   b - Slow                           Hexes                        2
   c - Gell's Gravitas                Hexes/Translocation          3
   d - Inner Flame                    Hexes/Fire                   3
   e - Cause Fear                     Hexes                        4
   f - Leda's Liquefaction            Hexes/Earth                  4
Comestibles
 f - 4 bread rations
 m - 4 meat rations
 t - a slice of pizza
 J - a royal jelly
 M - a beef jerky


   Skills:
 + Level 9.3 Fighting
 * Level 12.3 Maces & Flails
 - Level 2.0 Throwing
 - Level 4.4 Armour
 + Level 5.4 Dodging
 - Level 1.2 Spellcasting
 - Level 2.1 Hexes
 - Level 5.9 Invocations


You had 8 spell levels left.
You knew the following spells:

 Your Spells              Type           Power        Failure   Level  Hunger
a - Corona                Hex            #......      14%         1    ##.....
d - Slow                  Hex            #.......     21%         2    ###....


Dungeon Overview and Level Annotations

Branches:
Dungeon (9/15)             Temple (0/1) D:5            Lair (1/8) D:8
    Orc: D:9-12

Altars:
Ashenzari
Cheibriados
Dithmenos
Elyvilon
Makhleb
Nemelex Xobeh
Okawaru
Ru
Sif Muna
Trog
Vehumet
Xom
Zin
The Shining One

Shops:
D:7 [

Annotations:
D:7 exclusion: statue


Innate Abilities, Weirdness & Mutations

You are too large for most types of armour.
You have tough skin (AC +1).
You have very sharp teeth.
You have a pair of small horns on your head.
You are agile. (Dex +2)


Message History

The spiny frog stings you!!
* * * LOW HITPOINT WARNING * * *
Press: ? - help, Dir - move target cursor, f/p - spiny frog Heal: a spiny frog (heavily wounded, poisoned)
The light of Elyvilon fails to reach the spiny frog.
You feel quite a bit more hungry. The spiny frog stings you.
* * * LOW HITPOINT WARNING * * *
Drink which item? (? for menu, Esc to quit)
You feel much better. The spiny frog stings you!
* * * LOW HITPOINT WARNING * * *
You are healed.
You are feeling very hungry.
The spiny frog stings you!
* * * LOW HITPOINT WARNING * * *
You hit the spiny frog. Your headbutt misses the spiny frog.
The spiny frog is severely wounded.
The spiny frog closely misses you.
Okay, then.
The spiny frog stings you!!
You die...

..#)............#.#
.......#........#.#
..#....#..........#
+.#.............#.#
.......##.###.#...#
..................#
##.#..............#
. ..# ............#
.. ..........@.#
.#########PF#
(........#
(........#
.........#
.......#..
.......+.##
.......#.#
.......#.#


You could see a spiny frog.

Vanquished Creatures
  Pikel (D:3)
  Sigmund (D:6)
  A wyvern (D:8)
  4 yaks
  A hungry ghost (D:7)
  The ghost of Lovchig the Shield-Bearer, an amateur FoFi of Ashenzari (D:4)
  A hippogriff (D:7)
  Menkaure (D:6)
  Purgy (Sewer)
  An ice beast (D:5)
  A necrophage (D:7)
  3 sky beasts
  An eye of draining (D:7)
  5 ogres
  4 centaurs
  5 phantoms
  A crocodile (Lair:1)
  Blork the orc (D:4)
  A big kobold (D:8)
  3 giant frogs
  A water moccasin zombie (D:8)
  A scorpion (D:7)
  4 wights (D:6)
  2 crimson imps
  3 orc priests
  A giant frog skeleton (D:6)
  3 hounds
  2 orc wizards (D:8)
  Jessica (D:2)
  Ijyb (D:3)
  A worker ant (D:5)
  A hound skeleton (D:7)
  Robin (D:3)
  8 gnolls
  A howler monkey skeleton (D:6)
  12 adders
  7 river rats (Lair:1)
  5 shadow imps
  An ooze (D:1)
  2 adder skeletons
  5 worms
  A dart slug (D:1)
  6 giant geckos
  14 orcs
  6 bats
  8 giant cockroaches
  16 goblins
  8 hobgoblins
  19 jackals
  4 quokkas
  5 ball pythons
  8 giant newts
  A jackal zombie (D:5)
  13 kobolds
  8 rats
218 creatures vanquished.

Vanquished Creatures (others)
  Eustachio (D:4)
  A slave (D:4)
  A howler monkey (D:4)
  A worker ant (D:4)
4 creatures vanquished.

Grand Total: 222 creatures vanquished

Notes
Turn   | Place    | Note
--------------------------------------------------------------
     0 | D:1      | vev the Ogre Arcane Marksman began the quest for the Orb.
     0 | D:1      | Reached XP level 1. HP: 19/19 MP: 2/2
   476 | D:1      | Reached skill level 1 in Maces & Flails
   476 | D:1      | Reached XP level 2. HP: 26/28 MP: 3/3
   493 | D:1      | Reached skill level 2 in Maces & Flails
   932 | D:1      | Reached XP level 3. HP: 19/35 MP: 4/4
   939 | D:1      | Reached skill level 3 in Maces & Flails
   945 | D:1      | Upgraded the game from 0.18-a0-1721-gc4d1f22 to 0.18-a0-1730-g73f0523
  1702 | D:2      | Reached skill level 4 in Maces & Flails
  1781 | D:2      | Reached XP level 4. HP: 33/42 MP: 5/5
  1880 | D:2      | HP: 1/42 [gnoll/halberd (13)]
  2261 | D:2      | Reached skill level 5 in Maces & Flails
  2287 | D:2      | Noticed Jessica
  2294 | D:2      | Killed Jessica
  2294 | D:2      | Reached XP level 5. HP: 49/49 MP: 6/6
  2461 | D:2      | Reached skill level 6 in Maces & Flails
  2931 | D:3      | Found a deep blue altar of Sif Muna.
  3162 | D:3      | Reached skill level 7 in Maces & Flails
  3237 | D:3      | Found a glowing silver altar of Zin.
  3237 | D:3      | Noticed Ijyb
  3244 | D:3      | Killed Ijyb
  3244 | D:3      | Reached XP level 6. HP: 35/57 MP: 4/7
  3315 | D:3      | Found a glowing drain.
  3350 | Sewer    | Entered a sewer
  3459 | Sewer    | Noticed Purgy
  3488 | Sewer    | Killed Purgy
  3488 | Sewer    | Reached skill level 8 in Maces & Flails
  3762 | D:3      | Found a white marble altar of Elyvilon.
  4183 | D:3      | Noticed Robin
  4210 | D:3      | Killed Robin
  4210 | D:3      | Reached XP level 7. HP: 55/66 MP: 8/8
  4496 | D:3      | Found a shadowy altar of Dithmenos.
  4648 | D:4      | Noticed Lovchig's ghost (amateur FoFi)
  4785 | D:3      | Became a worshipper of Elyvilon the Healer
  4832 | D:4      | Found a glowing golden altar of the Shining One.
  4879 | D:4      | Noticed Pikel
  4910 | D:3      | HP: 2/67 [Pikel/whip of freezing (3)]
  4911 | D:3      | Killed Pikel
  4911 | D:3      | Reached skill level 5 in Fighting
  4911 | D:3      | Reached skill level 10 in Maces & Flails
  4911 | D:3      | Reached XP level 8. HP: 3/83 MP: 9/9
  5275 | D:4      | Noticed Blork the orc
  5288 | D:4      | Killed Blork the orc
  5371 | D:4      | Found a sacrificial altar of Ru.
  5461 | D:4      | Noticed Eustachio
  5469 | D:4      | Killed Eustachio
  5469 | D:4      | Reached skill level 1 in Invocations
  5565 | D:4      | Killed Lovchig's ghost
  5565 | D:4      | Reached skill level 1 in Armour
  5733 | D:5      | Entered Level 5 of the Dungeon
  5733 | D:5      | Found an iron altar of Okawaru.
  5812 | D:4      | Learned a level 2 spell: Slow
  5856 | D:5      | Found a staircase to the Ecumenical Temple.
  5880 | D:5      | Found a shattered altar of Ashenzari.
  5896 | D:5      | Reached * piety under Elyvilon
  6240 | D:5      | Reached XP level 9. HP: 60/93 MP: 9/11
  7363 | D:6      | Reached skill level 11 in Maces & Flails
  7564 | D:6      | Noticed Menkaure
  7565 | D:6      | Killed Menkaure
  7621 | D:6      | Reached ** piety under Elyvilon
  7651 | D:6      | Noticed Sigmund
  7878 | D:6      | Found a shimmering altar of Xom.
  8026 | D:6      | Killed Sigmund
  8814 | D:6      | Gained mutation: You have very sharp teeth. [potion of mutation]
  8814 | D:6      | Gained mutation: You have a pair of small horns on your head. [potion of mutation]
  8814 | D:6      | Gained mutation: You are agile. (Dex +2) [potion of mutation]
  8868 | D:7      | Found Tidez's Antique Armour Emporium.
  9082 | D:7      | Found a bloodstained altar of Trog.
  9224 | D:7      | Found a radiant altar of Vehumet.
  9297 | D:7      | Reached XP level 10. HP: 91/106 MP: 13/13
  9358 | D:7      | Reached skill level 5 in Invocations
  9574 | D:7      | Found a burning altar of Makhleb.
  9633 | D:8      | Found a staircase to the Lair.
  9634 | D:8      | Found a snail-covered altar of Cheibriados.
  9638 | D:8      | Identified a scroll of acquirement
  9641 | D:8      | Got an ichor-stained hat
  9647 | D:8      | Identified the -2 hat of Autotheism {rC+ Dex+3} (You acquired it on level 8 of the Dungeon)
  9684 | D:8      | Found a sparkling altar of Nemelex Xobeh.
  9947 | D:8      | Reached skill level 12 in Maces & Flails
 10033 | D:8      | Reached skill level 5 in Dodging
 10122 | D:8      | Reached *** piety under Elyvilon
 10816 | Lair:1   | Entered Level 1 of the Lair of Beasts
 11397 | Lair:1   | Noticed a spiny frog
 11411 | Lair:1   | Slain by a spiny frog

Vault maps used:
D:1:      dpeg_arrival_court
D:2:      st_stairs_4, lightli_corner_chamber, uniq_jessica
D:3:      old_standard_altar, nicolae_overflow_hidden_temple,
          gup_sewer_entry_glass, minmay_door_square, uniq_iyjb, uniq_robin
D:4:      kennysheep_mini_moat, nicolae_ru_sacrificial_ziggurat,
          minmay_misc_feat_more_columns, kennysheep_dice, uniq_eustachio,
          uniq_pikel, uniq_blork_the_orc
D:5:      evilmike_ruin_ashenzari, temple_statues, first_bread,
          okawaru_metal_pillars_1_2
D:6:      xom_butterflies, uniq_sigmund, uniq_menkaure
D:7:      vehumet_statue, trog_eyes_of_draining, serial_shops, shop,
          makhleb_blood_cavern_becter
D:8:      overflow_temple_1_default, cheibriados_altar_1
D:9:      fedhas_altar_3
Lair:1:   bh_autumn_forest_stairs, grunt_megastairs_1, serial_bayou_shore_a
Sewer:    sewer_co_purgy_island

Skill      XL: |  1  2  3  4  5  6  7  8  9 10 |
---------------+-------------------------------+-----
Fighting       | 2 5 7 8 9 |  9.3
Maces & Flails | 1 2 4 5 7 8 10 11 12 | 12.3
Dodging        | 3 4 5 |  5.4
Invocations    | 2 4 5 |  5.9
Armour         | 1 3 4 |  4.4
Throwing       | |  2.0
Spellcasting   | |  1.2
Hexes          | |  2.1

Action                   |  1- 3 |  4- 6 |  7- 9 | 10-12 || total
-------------------------+-------+-------+-------+-------++-------
Melee: Unarmed           |    30 |       |       |       ||    30
       Club              |   150 |    65 |       |       ||   215
       Mace              |       |    69 |   228 |   168 ||   465
       Flail             |       |    19 |    47 |       ||    66
       War axe           |       |    14 |       |       ||    14
       Whip              |       |       |    19 |       ||    19
       Giant spiked club |       |       |       |     6 ||     6
Throw: Large rock        |     8 |    29 |    17 |     4 ||    58
       Throwing net      |       |     4 |     1 |       ||     5
 Cast: Corona            |     2 |    12 |     4 |     8 ||    26
       Slow              |       |       |     1 |       ||     1
Invok: Lesser Healing    |       |       |       |     1 ||     1
       Heal Other        |       |       |       |     1 ||     1
  Use: Potion            |       |     4 |     1 |     1 ||     6
       Scroll            |       |     2 |    18 |     5 ||    25
 Stab: Distracted        |       |       |       |     2 ||     2
  Eat: Chunk             |     3 |    10 |    16 |     7 ||    36
